 Dungeon Crawl Stone Soup version 0.30-a0-371-gad7725a93e (webtiles) character file.

Game seed: 3332484894807926999

1451 FalseProphet the Cudgeller (level 8, 0/94 (106) HPs)
             Began as a Green Draconian Berserker on Nov 22, 2022.
             Was a Priest of Trog.
             Slain by a wight
             ... wielding a +4 war axe
              (9 damage)
             ... on level 6 of the Dungeon.
             The game lasted 00:06:06 (5561 turns).

FalseProphet the Cudgeller (DrBe)                   Turns: 5561, Time: 00:06:07

HP:   0/94 (106)    AC:  6    Str: 21    XL:     8   Next: 47%
MP:   8/8           EV: 13    Int:  8    God:    Trog [***...]
Gold: 290           SH:  0    Dex: 11    Spells: 7/7 levels left

rFire   . . .      SeeInvis .    a - +1 mace (freeze)
rCold   . . .      Faith    .    (no shield)
rNeg    . . .      Spirit   .    (body armour unavailable)
rPois   +          Reflect  .    (helmet restricted)
rElec   .          Harm     .    (no cloak)
rCorr   .          Rampage  .    (no gloves)
Will    +....                    (no boots)
Stlth   ..........               (no amulet)
HPRegen 0.35/turn                i - ring of willpower
MPRegen 0.11/turn                (no ring)

@: berserking, heavily drained, very quick
A: breathe noxious fumes, AC +6, unfitting armour, poison resistance,
cold-blooded
a: Breathe Noxious Fumes, Renounce Religion, Berserk, Trog's Hand


You were on level 6 of the Dungeon.
You worshipped Trog.
Trog was most pleased with you.
You visited 1 branch of the dungeon, and saw 7 of its levels.

You collected 290 gold pieces.

Inventory:

Hand Weapons
 a - a +1 mace of freezing (weapon)
Jewellery
 c - a ring of fire
 i - a ring of willpower (left hand)
Wands
 b - a wand of quicksilver (7)
Scrolls
 e - 2 scrolls of teleportation
 l - a scroll of acquirement {unknown}
Potions
 d - a potion of might {unknown}
 f - 2 potions of lignification
 g - a potion of cancellation
 h - a potion of heal wounds
 j - 2 potions of berserk rage
 k - a potion of curing {unknown}


   Skills:
 + Level 6.4 Fighting
 + Level 7.7 Maces & Flails
 + Level 0.1 Throwing
 + Level 5.6 Dodging
 + Level 2.2 Stealth


You had 7 spell levels left.
You didn't know any spells.
Your spell library was empty.

Dungeon Overview and Level Annotations

Branches:
Dungeon (7/15)             Temple (0/1) D:4

Altars:
Xom


Innate Abilities, Weirdness & Mutations

You can breathe blasts of noxious fumes.
Your lurid green scales are hard. (AC +6)
You cannot fit into any form of body armour.
Your system is resistant to poisons. (rPois)
You are cold-blooded and may be slowed by cold attacks.


Message History

The wight is lightly damaged.
The wight closely misses you. The wight barely misses you.
You barely miss the wight.
The wight is lightly damaged.
The wight hits you but does no damage.
The wight hits you with a +2 morningstar!
The wight misses you.
You sock the wight!
Your tail-slap misses the wight.
The wight is heavily damaged.
The wight misses you. The wight barely misses you.
The wight hits you with a +4 war axe!
You hit the wight but do no damage.
The wight is heavily damaged.
The wight barely misses you. The wight hits you with a +4 war axe!
The wight hits you with a +2 morningstar!
You feel drained. The wight barely misses you. x2
The wight hits you with a +3 great sword!
* * * LOW HITPOINT WARNING * * *
You feel drained.
* * * LOW HITPOINT WARNING * * *
You climb upwards.
There is a stone staircase leading down here.
A red film seems to cover your vision as you go berserk!
You feel yourself moving faster!
You feel mighty!
The wight hits you with a +2 morningstar!
* * * LOW HITPOINT WARNING * * *
The wight closely misses you. The wight misses you.
You closely miss the wight. You tail-slap the wight!
You destroy the wight!
Trog accepts your kill.
You barely miss the wight. You tail-slap the wight!
The wight is heavily damaged.
The wight hits you with a +4 war axe.
* * * LOW HITPOINT WARNING * * *
You feel drained. The wight misses you.
You closely miss the wight.
The wight is heavily damaged.
The wight hits you with a +4 war axe!
You die...

####.#.#####.###.##
###...###.....## ##.###
#....## ##.....###....#
#.#.#>###.#####.#.#.#.##
###.#.##.#..# ###.##....##
#.....###.#.####....).)....
#.#.### ##..........#)...##
#.#.# #)z####.#..#.#.###
#.#.# #@.# #.#..#.#.##. #.#.#
#.z# #.#..#.#.... #.#.# ##..#
#..#.#.####. #...# ##...##
#.###.......
###...####.....###..#.#######
#.......##.........#..# ###
#.......##.....###.#..#####..
#.......###...## #.#........#
###...........# #...........


You could see 2 wights.

Vanquished Creatures
  An ice beast (D:6)
  A black bear (D:6)
  2 ogres
  A centaur (D:5)
  2 bullfrogs (D:6)
  Blork the orc (D:5)
  A necrophage (D:6)
  3 scorpions
  A wight (D:6)
  A jelly (D:6)
  3 hounds
  2 gnoll boudas
  2 iguanas
  An orc wizard (D:6)
  9 gnolls
  8 adders
  A shadow imp (D:6)
  An ufetubus (D:6)
  4 dart slugs
  2 worms
  12 orcs
  12 endoplasms
  3 giant cockroaches
  6 hobgoblins
  10 jackals
  5 kobolds
  2 quokkas
  9 ball pythons
  4 bats
  7 frilled lizards
  4 goblins
  7 rats
128 creatures vanquished.

Vanquished Creatures (others)
  A fungus (D:3)
1 creature vanquished.

Grand Total: 129 creatures vanquished

Notes
Turn   | Place    | Note
-------+----------+-------------------------------------------
     0 | D:1      | FalseProphet the Draconian Berserker began the quest for
                  | the Orb.
     0 | D:1      | Reached XP level 1. HP: 19/19 MP: 1/1
   207 | D:1      | Reached XP level 2. HP: 23/26 MP: 2/2
   694 | D:1      | Reached XP level 3. HP: 32/33 MP: 3/3
  1296 | D:2      | Reached ** piety under Trog
  1825 | D:3      | Found a shimmering altar of Xom.
  1852 | D:3      | Reached skill level 4 in Maces & Flails
  1852 | D:3      | Reached XP level 4. HP: 39/40 MP: 4/4
  2647 | D:3      | Reached *** piety under Trog
  2874 | D:3      | Reached XP level 5. HP: 22/46 MP: 5/5
  3017 | D:4      | Found a staircase to the Ecumenical Temple.
  3499 | D:5      | Entered Level 5 of the Dungeon
  3777 | D:5      | Reached skill level 5 in Maces & Flails
  3777 | D:5      | Reached skill level 1 in Stealth
  3777 | D:5      | Reached XP level 6. HP: 27/53 MP: 6/6
  4002 | D:5      | Noticed Blork the orc
  4009 | D:5      | Killed Blork the orc
  4156 | D:5      | Reached skill level 5 in Fighting
  4406 | D:5      | Your scales start taking on a lurid green colour.
  4406 | D:5      | Reached XP level 7. HP: 54/61 MP: 7/7
  4406 | D:5      | Gained mutation: Your system is resistant to poisons.
                  | (rPois) [Green Draconian growth]
  4515 | D:6      | Reached skill level 6 in Maces & Flails
  4895 | D:6      | Reached skill level 5 in Dodging
  4906 | D:6      | Reached XP level 8. HP: 55/70 MP: 8/8
  4926 | D:6      | Reached skill level 7 in Maces & Flails
  5561 | D:6      | Slain by a wight

Illustrated notes

Levels and vault maps discovered:
D:1:      co_arrival_random_square_maze, layout_basic, kennysheep_pointless_box,
          nrook_uturn
D:2:      layout_loops_ring, minmay_misc_feat_x, hangedman_decor_riveting,
          minmay_domino_2
D:3:      layout_loops_ring, mainiacjoe_overflow_boulevard, minmay_cupped
D:4:      layout_rooms, minmay_temple_entry_from_below_a
D:5:      layout_gridville, uniq_blork_the_orc
D:6:      layout_loops_ring
D:7:      cheibrodos_wizards_tower, layout_cave_pools, serial_undead,
          serial_undead_f, serial_undead_a, serial_undead_b, serial_undead_b,
          enter_ossuary_3, uniq_duvessa

Skill      XL: |  1  2  3  4  5  6  7  8 |
---------------+-------------------------+-----
Dodging        | 3 4 5 |  5.6
Maces & Flails | 4 5 6 7 |  7.7
Fighting       | 4 5 6 |  6.4
Stealth        | 1 2 |  2.2
Throwing       | |  0.1

Action                   |  1- 3 |  4- 6 |  7- 9 || total
-------------------------+-------+-------+-------++-------
Melee: Mace              |   110 |   170 |   116 ||   396
       Tailslap          |    16 |    23 |    18 ||    57
       Punch             |     1 |     2 |     2 ||     5
Throw: Throwing net      |       |     1 |       ||     1
Invok: Berserk           |       |     1 |     5 ||     6
 Abil: Breathe Noxious F |       |       |     2 ||     2
  Use: Scroll            |     8 |     8 |     3 ||    19
       Potion            |       |     2 |       ||     2
 Stab: Sleeping          |       |     1 |       ||     1
       Distracted        |       |     1 |       ||     1
Armor: Skin              |    37 |    50 |    42 ||   129
Dodge: Dodged            |    65 |   143 |   107 ||   315

Table legend: (Time is in decaauts)
 A = Elapsed time spent in this place.
 B = Non-inter-level travel time spent in this place.
 C = Inter-level travel time spent in this place.
 D = Time resting spent in this place.
 E = Time spent auto-exploring this place.
 F = Levels seen in this place.
 G = Mean time per level.
                   A        B        C        D        E       F      G
               +--------+--------+--------+--------+--------+-----+--------+
         Total |   5672 |   5462 |    210 |    409 |   4084 |   7 |  810.3 |
       Dungeon |   5672 |   5462 |    210 |    409 |   4084 |   7 |  810.3 |
               +--------+--------+--------+--------+--------+-----+--------+

Top non-repeatable levels by time:
     D:1: 1181 daAuts
     D:6: 1144 daAuts
     D:3: 998 daAuts
     D:5: 958 daAuts
     D:4: 735 daAuts
     D:2: 648 daAuts
     D:7: 6 daAuts
